 Dungeon Crawl Stone Soup version 0.26-a0-1101-g8f9f7f7418 (webtiles) character file.

Game seed: 5142023617849272255

3488 Baz the Martial Artist (level 10, -5/71 HPs)
             Began as an Octopode Transmuter on Dec 15, 2020.
             Was a High Priest of Ru.
             Slain by a komodo dragon (9 damage)
             ... while petrified by a basilisk
             ... on level 1 of the Lair of Beasts.
             The game lasted 00:30:01 (10918 turns).

Baz the Martial Artist (Octopode Transmuter)       Turns: 10918, Time: 00:30:01

Health: -5/71      AC:  1    Str: 10    XL:     10   Next: 7%
Magic:  9/16       EV:  2    Int: 18    God:    Ru [*****.]
Gold:   246        SH:  0    Dex: 13    Spells: 0/17 levels left

rFire    . . .     SeeInvis .     - Unarmed
rCold    + . .     Faith    .   (shield currently unavailable)
rNeg     + + +     Spirit   .   (helmet restricted)
rPois    ∞         Reflect  .   a - amulet of regeneration
rElec    .         Harm     .   j - ring of wizardry
rCorr    .         Rampage  .   x - ring of wizardry
Will     .....                  m - ring of protection from cold
Stlth    +++.......             B - ring of positive energy
HPRegen  0.61/turn              (no ring)
MPRegen  0.15/turn              (no ring)
                                (no ring)
                                (no ring)

@: blade tentacles (expiring), petrified
A: almost no armour, stealthy swim, amphibious, 8 rings, constrict 8, camouflage
1, gelatinous body 1, inability to use devices, inexperienced 1, missing an eye
a: End Transformation, Draw Out Power, Power Leap, Apocalypse, Renounce Religion


You were on level 1 of the Lair of Beasts.
You worshipped Ru.
Ru was extremely pleased with you.
You had blades for tentacles.
You visited 3 branches of the dungeon, and saw 12 of its levels.
You also visited: Ossuary.

You collected 546 gold pieces.
You spent 300 gold pieces at shops.

Inventory:

Hand Weapons
 v - the +8 storm bow {elec, penet}
   (You found it on level 5 of the Dungeon)

   It charges the ammunition it shoots with electricity; occasionally upon a
   hit, such missiles may discharge and cause terrible harm.
   Ammo fired by it passes through the targets it hits, potentially hitting all
   targets in its path until it reaches maximum range.
Armour
 w - a +0 buckler (melded)
 K - a +0 kite shield
Jewellery
 a - an amulet of regeneration (around mantle)
 j - a ring of wizardry (left scythe-like blade)
 m - a ring of protection from cold (on tentacle)
 s - an uncursed amulet of magic regeneration {unknown}
 x - a ring of wizardry (right scythe-like blade)
 B - a ring of positive energy (on tentacle)
 C - an uncursed ring of poison resistance {unknown}
 D - an uncursed ring of willpower {unknown}
 E - an uncursed ring of see invisible
Wands
 q - a wand of paralysis (12)
 u - a wand of polymorph (7)
Scrolls
 d - 2 scrolls of magic mapping
 f - 3 scrolls of immolation {unknown}
 h - 4 scrolls of remove curse
 i - a scroll of noise {unknown}
 n - 3 scrolls of teleportation {unknown}
 p - a scroll of amnesia {unknown}
 r - a scroll of random uselessness {unknown}
 t - 3 scrolls of fog {unknown}
 y - 3 scrolls of enchant armour {unknown}
 F - a scroll of holy word {unknown}
 G - 3 scrolls of identify
 H - 3 scrolls of vulnerability {unknown}
 I - a scroll of fear {unknown}
Potions
 b - 4 potions of attraction
 c - 4 potions of heal wounds {unknown}
 e - a potion of flight {unknown}
 g - 4 potions of cancellation
 k - 3 potions of lignification
 l - 2 potions of berserk rage
 o - a potion of haste {unknown}
 z - a potion of degeneration {unknown}
 A - 3 potions of might {unknown}
 J - a potion of ambrosia {unknown}


   Skills:
 + Level 7.5 Fighting
 - Level 7.6 Dodging
 - Level 4.0 Stealth
 * Level 4.5 Shields
 * Level 8.7 Unarmed Combat
 - Level 4.3 Spellcasting
 + Level 2.1 Translocations
 - Level 7.2 Transmutations
 + Level 2.6 Ice Magic


You couldn't memorise any spells.
You knew the following spells:

 Your Spells              Type           Power        Failure   Level
a - Beastly Appendage     Tmut           ####..       3%          1
b - Wereblood             Tmut           ####....     4%          2
c - Spider Form           Tmut/Pois      ###.......   13%         3
d - Blade Hands           Tmut           ####......   21%         5
e - Ice Form              Ice/Tmut       ###.....     21%         4
f - Blink                 Tloc           N/A          13%         2

Your spell library contained the following spells:

 Spells                   Type           Power        Failure   Level
 Apportation              Tloc           ##....       11%         1
 Ensorcelled Hibernation  Hex/Ice        #.....       16%         2
 Animate Skeleton         Necr           #.....       17%         1
 Corona                   Hex            #......      17%         1
 Magic Dart               Conj           #...         17%         1
 Summon Small Mammal      Summ           #...         17%         1
 Call Imp                 Summ           #.......     22%         2
 Slow                     Hex            #.......     22%         2
 Confusing Touch          Hex            #.......     32%         3
 Conjure Flame            Conj/Fire      #.......     32%         3
 Dazzling Flash           Conj/Hex       #.....       32%         3
 Mephitic Cloud           Conj/Pois/Air  #.......     32%         3
 Tukima's Dance           Hex            #.......     32%         3


Dungeon Overview and Level Annotations

Branches:
Dungeon (10/15)            Temple (1/1) D:4            Lair (1/6) D:8
Ossuary (visited)
    Orc: D:9-12

Altars:
Ashenzari
Dithmenos
Fedhas
Hepliaklqana
Kikubaaqudgha
Makhleb
Okawaru
Ru
Trog
Xom
Zin
Lugonu

Shops:
D:5 }   D:8 (   D:9 :   D:10 [

Annotations:
D:1 exclusion: downstairs
D:7 3 runed translucent doors, Askman's ghost, novice DsFi; Harold; Thargor's ghost, novice GrEE
D:8 exclusions: 2 electric eels, eye of draining, jelly and 1 more exclusion


Innate Abilities, Weirdness & Mutations

You cannot wear most types of armour.
You are very stealthy in the water. (Stealth+)
You are amphibious.
You can wear up to eight rings at the same time.
You can use your tentacles to constrict eight enemies at once.
Your skin changes colour to match your surroundings (Stealth+).
Your rubbery body absorbs attacks. (AC +1, EV +1)
You cannot study or use magical devices.
You are somewhat inexperienced. (-2 XL)
You are missing an eye, making it more difficult to aim.


Message History

You focus your will and slow the basilisk in retribution!
The basilisk bites you. The komodo dragon bites you!! The basilisk bites you!!
The basilisk bites you. The komodo dragon bites you!! The basilisk bites you.
* * * LOW HITPOINT WARNING * * *
The basilisk bites you!
* * * LOW HITPOINT WARNING * * *
The komodo dragon bites you!
* * * LOW HITPOINT WARNING * * *
Your magical contamination has completely faded away.
The basilisk bites you.
* * * LOW HITPOINT WARNING * * *
You focus your will and illuminate the basilisk in retribution!
The komodo dragon bites you.
* * * LOW HITPOINT WARNING * * *
The basilisk gazes at you. The basilisk bites you.
* * * LOW HITPOINT WARNING * * *
The komodo dragon bites you!!
You die...

....P.....# ##
..P.......# ...
.......P. #...
#....P.♣#...
#..P....(.#
#.P......#
#...Pll..#
###...l@.P##
P.P........#
..P..P..P♣..#
........♣...##
.....P.......####
.(P......#.#....###
..P..♣♣..#.##.#.#.#
.....♣.....#......#
...#..............#


You could see a komodo dragon and 2 basilisks.

Vanquished Creatures
  A hydra (Lair:1)
  A two-headed ogre (D:7)
  An elephant (D:8)
  A cane toad (Lair:1)
  A troll (D:9)
  A hornet (D:10)
  6 yaks
  A basilisk (D:8)
  A water moccasin (Lair:1)
  2 ice beasts (D:8)
  9 orc warriors
  A black bear (D:8)
  6 ogres
  3 sky beasts
  A phantom (D:4)
  2 centaurs
  An elf zombie (Ossuary)
  6 bullfrogs
  A gnoll sergeant (D:8)
  A scorpion (D:10)
  3 wights
  A howler monkey (D:6)
  A bullfrog zombie (D:10)
  2 centaur zombies (Ossuary)
  Crazy Yiuf (D:4)
  4 hounds
  2 human zombies (Ossuary)
  A gnoll shaman (D:10)
  3 orc priests
  12 orc wizards
  A bullfrog skeleton (D:5)
  4 iguanas
  7 worker ants
  2 mummies (Ossuary)
  2 howler monkey zombies
  A worker ant zombie (D:8)
  19 gnolls
  A howler monkey skeleton (D:4)
  9 adders
  2 shadow imps
  2 white imps
  2 ufetubi
  An adder zombie (D:9)
  A worm (D:3)
  4 leopard geckos
  47 orcs
  2 ball pythons
  9 bats
  4 giant cockroaches
  3 goblins
  4 hobgoblins
  8 jackals
  A quokka (D:2)
  2 frilled lizards
  A giant cockroach zombie (D:5)
  A goblin zombie (Ossuary)
  12 hobgoblin zombies (Ossuary)
  2 jackal zombies (Ossuary)
  8 kobolds
  9 kobold zombies (Ossuary)
  A leopard gecko zombie (D:7)
  6 orc zombies (Ossuary)
  12 rats
  A rat zombie (Ossuary)
268 creatures vanquished.

Vanquished Creatures (others)
  A centaur skeleton (D:10)
  An orc wizard (D:9)
  10 plants
12 creatures vanquished.

Grand Total: 280 creatures vanquished

Notes
Turn   | Place    | Note
-------+----------+-------------------------------------------
     0 | D:1      | Baz the Octopode Transmuter began the quest for the Orb.
     0 | D:1      | Reached XP level 1. HP: 13/13 MP: 3/3
    62 | D:1      | Reached skill level 1 in Stealth
   187 | D:1      | Reached XP level 2. HP: 17/18 MP: 5/5
   646 | D:1      | Learned a level 2 spell: Wereblood
   723 | D:2      | Reached XP level 3. HP: 20/23 MP: 6/6
   736 | D:2      | Learned a level 3 spell: Spider Form
  1531 | D:3      | Reached XP level 4. HP: 29/29 MP: 3/7
  2186 | D:3      | Found a sacrificial altar of Ru.
  2195 | D:3      | Reached XP level 5. HP: 35/35 MP: 4/8
  2414 | D:4      | Found a staircase to the Ecumenical Temple.
  2432 | Temple   | Entered the Ecumenical Temple
  2464 | Temple   | Became a worshipper of Ru the Awakened
  2492 | D:4      | Reached skill level 4 in Unarmed Combat
  2596 | D:4      | Noticed a phantom
  2708 | D:3      | Paralysed by an orc for 2 turns
  2871 | D:4      | Killed a phantom
  2872 | D:4      | Reached XP level 6. HP: 14/42 MP: 7/9
  3070 | D:4      | You fall into a shaft and drop 1 floor!
  3070 | D:5      | Entered Level 5 of the Dungeon
  3141 | D:5      | Found an ancient bone altar of Kikubaaqudgha.
  3678 | D:4      | Found a runed translucent door.
  3679 | D:4      | Noticed Crazy Yiuf
  3793 | D:4      | Killed Crazy Yiuf
  3794 | D:4      | Reached XP level 7. HP: 29/46 MP: 5/10
  3941 | D:5      | Found Nadoxisi's Gadget Emporium.
  4064 | D:5      | Gained mutation: You are missing an eye, making it more
                  | difficult to aim. [Ru sacrifice]
  4204 | D:5      | Found the +8 storm bow {elec, penet}
  4353 | D:6      | Noticed a yak
  4365 | D:6      | Noticed a yak
  4367 | D:6      | Noticed a yak
  4367 | D:6      | Noticed a yak
  4368 | D:6      | Noticed a yak
  4375 | D:6      | Killed a yak
  4376 | D:6      | Reached skill level 1 in Shields
  4418 | D:6      | Killed a yak
  4419 | D:6      | Reached skill level 5 in Unarmed Combat
  4419 | D:6      | Reached skill level 5 in Transmutations
  4436 | D:5      | Killed a yak
  4437 | D:5      | Reached XP level 8. HP: 23/54 MP: 7/11
  4878 | D:6      | Found a shimmering altar of Xom.
  4881 | D:6      | Noticed an angel
  4887 | D:6      | Found a glowing silver altar of Zin.
  5034 | D:6      | Killed a yak
  5068 | D:6      | Killed a yak
  5069 | D:6      | Reached skill level 5 in Fighting
  5069 | D:6      | Reached XP level 9. HP: 32/61 MP: 9/12
  5427 | D:7      | Reached skill level 6 in Unarmed Combat
  5511 | D:7      | Learned a level 5 spell: Blade Hands
  5518 | D:7      | Noticed a two-headed ogre
  5545 | D:7      | Killed a two-headed ogre
  5815 | D:7      | Found a runed translucent gate.
  5815 | D:7      | Found a runed translucent gate.
  5815 | D:7      | Found a runed translucent gate.
  5815 | D:7      | Noticed Askman's ghost (novice DsFi)
  5815 | D:7      | Noticed Thargor's ghost (novice GrEE)
  6031 | D:7      | Noticed Harold
  6509 | D:8      | Found Nonaptef's Antique Weapon Shop.
  6703 | D:8      | Gained mutation: You cannot study or use magical devices.
                  | [Ru sacrifice]
  6703 | D:8      | Reached * piety under Ru
  6703 | D:8      | Reached ** piety under Ru
  6703 | D:8      | Reached *** piety under Ru
  6705 | D:8      | Found a sand-covered staircase.
  6743 | Ossuary  | Entered an ossuary
  6908 | Ossuary  | Reached skill level 5 in Dodging
  6988 | Ossuary  | Learned a level 4 spell: Ice Form
  7004 | Ossuary  | Reached skill level 7 in Unarmed Combat
  7004 | Ossuary  | Reached XP level 10. HP: 59/68 MP: 9/15
  7670 | D:8      | Identified the cursed +0 scale mail of Vehumet's Hope {rN+
                  | Int+4}
  7704 | D:8      | Found a staircase to the Lair.
  7704 | D:8      | Noticed an elephant
  7743 | D:8      | Killed an elephant
  8948 | D:9      | Reached skill level 1 in Ice Magic
  9119 | D:9      | Found Osejipsu's Book Shop.
  9124 | D:9      | Bought a book of Minor Magic for 300 gold pieces
  9127 | D:9      | Learned a level 2 spell: Blink
  9228 | D:9      | Found a hazy altar of Hepliaklqana.
  9235 | D:9      | Gained mutation: You are somewhat inexperienced. (-2 XL)
                  | [Ru sacrifice]
  9235 | D:9      | Reached XP level 9. HP: 64/64 MP: 15/15
  9235 | D:9      | Reached XP level 8. HP: 60/60 MP: 14/14
  9235 | D:9      | Reached **** piety under Ru
  9235 | D:9      | Reached ***** piety under Ru
  9294 | D:9      | Reached skill level 8 in Unarmed Combat
  9392 | D:9      | Reached XP level 9. HP: 64/64 MP: 11/15
  9894 | D:10     | Entered Level 10 of the Dungeon
 10009 | D:10     | Reached skill level 1 in Translocations
 10034 | D:10     | Noticed a hornet
 10046 | D:10     | Killed a hornet
 10468 | D:10     | Found Peeried's Armour Emporium.
 10771 | Lair:1   | Entered Level 1 of the Lair of Beasts
 10774 | Lair:1   | Noticed a cane toad
 10780 | Lair:1   | Killed a cane toad
 10832 | Lair:1   | Noticed a five-headed hydra
 10857 | Lair:1   | Killed a five-headed hydra
 10858 | Lair:1   | Reached XP level 10. HP: 71/71 MP: 16/16
 10918 | Lair:1   | Slain by a komodo dragon

Illustrated notes

Levels and vault maps discovered:
D:1:      lightli_arrival_statue_moat, layout_rooms
D:2:      cheibrodos_old_hovel, layout_basic
D:3:      layout_loops_cross, minitemple, nicolae_ru_great_annihilating_truth
D:4:      layout_cave_pools, minmay_temple_entry_arrows, uniq_crazy_yiuf_cottage
D:5:      layout_rooms, kiku_gazebo_pond_becter, serial_shops,
          nicolae_shop_crystal
D:6:      layout_loops_ring, grunt_temple_overflow_order_and_chaos_1,
          minmay_misc_feat_nine_boxes
D:7:      layout_loops_cross, gammafunk_ghost_cemetery, corner_web_ring,
          uniq_harold
D:8:      layout_loops_ring, david_lair_generic, serial_shops, shop,
          serial_bayou, serial_bayou_pond_c, serial_bayou_pond_a,
          serial_bayou_pond_e, serial_bayou_pond_b, nicolae_ossuary_entry_ruins,
          wad_rectangle_vault
D:9:      layout_irregular_city, kennysheep_little_box, serial_shops, shop,
          lemuel_flamethrower_hall
D:10:     layout_cave_pods, serial_shops, nicolae_shop_stone
Temple:   corrupted_temple
Lair:1:   layout_misc_corridors, grunt_forest_large_clearing_hut,
          grunt_megastairs_1, minmay_lair_oklob_chamber

Skill      XL: |  1  2  3  4  5  6  7  8  9 10 |
---------------+-------------------------------+-----
Stealth        | 1 2 3 4 |  4.0
Fighting       | 2 3 4 5 6 7 |  7.5
Unarmed Combat | 4 5 8 7 |  8.7
Transmutations | 3 4 5 6 7 |  7.2
Shields        | 2 4 |  4.5
Dodging        | 5 7 |  7.6
Spellcasting   | 3 4 |  4.3
Ice Magic      | 2 1 |  2.6
Translocations | 2 |  2.1

Action                   |  1- 3 |  4- 6 |  7- 9 | 10-12 || total
-------------------------+-------+-------+-------+-------++-------
Melee: Unarmed           |    76 |   189 |   496 |   223 ||   984
       Constrict         |    18 |    18 |    42 |     9 ||    87
       Tentacles         |     7 |     7 |    32 |     8 ||    54
       Punch             |       |     2 |     7 |       ||     9
       Kick              |       |       |     1 |       ||     1
 Cast: Spider Form       |     2 |    17 |    40 |    20 ||    79
       Beastly Appendage |       |     1 |     8 |     2 ||    11
       Blade Hands       |       |       |     5 |     2 ||     7
       Ice Form          |       |       |     2 |       ||     2
Invok: Sacrifice an Eye  |       |       |     1 |       ||     1
       Sacrifice Experie |       |       |     1 |       ||     1
       Power Leap        |       |       |     1 |       ||     1
       Sacrifice Artific |       |       |     1 |       ||     1
       Draw Out Power    |       |       |       |     1 ||     1
 Abil: End Transformatio |       |       |       |     1 ||     1
  Use: Potion            |       |     1 |       |       ||     1
       Scroll            |       |       |     6 |       ||     6
 Stab: Sleeping          |     7 |     8 |     7 |     2 ||    24
       Paralysed         |       |     2 |       |       ||     2
       Distracted        |       |     1 |       |       ||     1
       Invisible         |       |       |     1 |       ||     1
Armor: Skin              |     6 |    22 |    11 |     6 ||    45
Dodge: Dodged            |    60 |   155 |   401 |   177 ||   793

Table legend: (Time is in decaauts)
 A = Elapsed time spent in this place.
 B = Non-inter-level travel time spent in this place.
 C = Inter-level travel time spent in this place.
 D = Time resting spent in this place.
 E = Time spent auto-exploring this place.
 F = Levels seen in this place.
 G = Mean time per level.
                   A        B        C        D        E       F      G
               +--------+--------+--------+--------+--------+-----+--------+
         Total |  10823 |  10196 |    627 |   2044 |   4884 |  13 |  832.5 |
       Dungeon |  10204 |   9577 |    627 |   1974 |   4679 |  10 | 1020.4 |
        Temple |     45 |     45 |      0 |      0 |      0 |   1 |   45.0 |
          Lair |    143 |    143 |      0 |      0 |     69 |   1 |  143.0 |
       Ossuary |    430 |    430 |      0 |     70 |    136 |   1 |  430.0 |
               +--------+--------+--------+--------+--------+-----+--------+

Top non-repeatable levels by time:
     D:9: 1521 daAuts
     D:7: 1289 daAuts
     D:8: 1266 daAuts
     D:6: 1180 daAuts
     D:2: 1011 daAuts
     D:4: 921 daAuts
     D:3: 893 daAuts
     D:5: 862 daAuts
     D:1: 638 daAuts
    D:10: 620 daAuts
 Ossuary: 430 daAuts
  Lair:1: 143 daAuts
  Temple: 45 daAuts
